 Dungeon Crawl Stone Soup version 0.18.1-8-gdd0e5ea (webtiles) character file.

10612 Enroth the Grappler (level 11, -4/105 HPs)
             Began as a Troll Skald on June 2, 2016.
             Was a Priest of the Shining One.
             Shot with a bolt by an orc knight (22 damage)
             ... on level 1 of the Orcish Mines.
             The game lasted 00:39:13 (6884 turns).

Enroth the Grappler (Troll Skald)                   Turns: 6884, Time: 00:39:14

Health: -4/105     AC:  8    Str: 22    XL:     11   Next: 38%
Magic:  11/14      EV: 13    Int:  8    God:    the Shining One [***...]
Gold:   751        SH:  0    Dex: 12    Spells: 2 memorised, 13 levels left

rFire  . . .     SeeInvis .       - Unarmed
rCold  . . .     Gourm    +     v - +0 troll leather armour
rNeg   + . .     Faith    .     (no shield)
rPois  .         Spirit   .     (helmet restricted)
rElec  .         Dismiss  .     m - +0 cloak {MR+}
rCorr  .         Reflect  .     (gloves unavailable)
SustAt .         Harm     .     (boots unavailable)
MR     +....                    x - amulet of rage
Stlth  +.........               (no ring)
                                o - +3 ring of slaying

@: infused, glowing, somewhat resistant to hostile enchantments, very unstealthy
A: unfitting armour, claws 3, fast metabolism 3, gourmand, regeneration 2,
shaggy fur 1, tough skin 2
a: Divine Shield, Renounce Religion, Evoke Berserk Rage


You were on level 1 of the Orcish Mines.
You worshipped the Shining One.
The Shining One was most pleased with you.
You were very full.

You visited 3 branches of the dungeon, and saw 12 of its levels.

You collected 751 gold pieces.

Inventory:

Missiles
 g - 9 large rocks (quivered)
Armour
 m - a +0 cloak of magic resistance (worn)
 v - a +0 troll leather armour (worn)
Jewellery
 o - a +3 ring of slaying (left claw)
 x - an amulet of rage (around neck)
Wands
 e - a wand of lightning (11/15)
 l - a wand of lightning (6/15)
 F - a wand of acid (1/15)
 H - a wand of paralysis (17/24)
Scrolls
 r - 10 scrolls of identify {unknown}
 w - a scroll of blinking {unknown}
 y - 6 scrolls of teleportation {unknown}
 A - 8 scrolls of remove curse {unknown}
 D - 2 scrolls of fear {unknown}
Potions
 a - a potion of magic
 b - a potion of brilliance
 d - 2 potions of resistance
 p - a potion of haste
 t - 7 potions of curing
 z - 5 potions of flight
 C - 4 potions of lignification
Comestibles
 c - 8 bread rations
 f - 7 royal jellies
 h - 5 slices of pizza
 i - 2 meat rations
 s - 3 beef jerkies


   Skills:
 + Level 6.1 Fighting
 + Level 1.5 Armour
 + Level 7.7 Dodging
 + Level 2.3 Stealth
 * Level 11.1 Unarmed Combat
 + Level 3.3 Spellcasting
 + Level 3.6 Charms
 + Level 1.9 Evocations


You had 13 spell levels left.
You knew the following spells:

 Your Spells              Type           Power        Failure   Level  Hunger
a - Infusion              Chrm           #...         10%         1    ##.....
b - Song of Slaying       Chrm           #.......     12%         2    ###....


Dungeon Overview and Level Annotations

Branches:
Dungeon (10/15)            Temple (1/1) D:6            Lair (0/8) D:10
    Orc (1/2) D:10

Altars:
Ashenzari
Cheibriados
Dithmenos
Elyvilon
Fedhas
Gozag
Kikubaaqudgha
Makhleb
Nemelex Xobeh
Okawaru
Pakellas
Qazlal
Ru
Sif Muna
Trog
Vehumet
Xom
Yredelemnul
Zin
The Shining One

Shops:
D:10 :([   Orc:1 *


Innate Abilities, Weirdness & Mutations

You are too large for most types of armour.
You have claws for hands.
Your metabolism is lightning-fast.
You like to eat raw meat.
You heal very quickly.
You are covered in fur (AC +1).
You have very tough skin (AC +2).


Message History

You scratch the orc knight but do no damage.
The orc knight is lightly wounded.
The orc knight barely misses you.
You mangle the orc knight!! Your claw misses the orc knight.
The orc knight is heavily wounded.
You scratch the orc knight.
The orc knight is heavily wounded.
The orc knight hits you with an uncursed great sword!!
You mangle the orc knight!!
The orc knight is almost dead.
The orc knight hits you with an uncursed great sword!!
* * * LOW HITPOINT WARNING * * *
You fail to use your ability.
You fail to use your ability.
The orc knight hits you with an uncursed great sword!
* * * LOW HITPOINT WARNING * * *
The orc knight unwields an uncursed great sword.
The orc knight wields an uncursed arbalest.
The orc knight shoots a bolt.
The bolt hits you!!
You die...

#### ### ### ##
##.#.###(##..##.##.
#.....#.((.........
# #.................
..#.................
.........<[.....#...
........@[).........
.##......[.........
##.#o......$..... #
#..........>..
.....∩..........
................
............#....
##.#..$..........
###.........#...


You could see an orc knight.

Vanquished Creatures
  An ettin (Orc:1)
  An unseen horror (D:10)
  2 hill giants (D:10)
  Pikel (D:5)
  A queen bee (D:8)
  A troll (D:10)
  A two-headed ogre (D:9)
  A wyvern (D:9)
  A hippogriff (D:8)
  A hungry ghost (D:9)
  3 wargs
  The ghost of Dickchan the Ruffian, an amateur GrMo (D:4)
  Edmund (D:5)
  Duvessa (D:6)
  3 black bears
  A sky beast (D:10)
  6 orc warriors
  4 ice beasts
  3 phantoms
  3 slaves (D:5)
  6 ogres
  5 centaurs
  A big kobold (D:10)
  7 giant frogs
  Dowan (D:6)
  3 scorpions
  19 killer bees (D:8)
  7 crimson imps
  2 centaur zombies
  2 giant frog zombies
  7 hounds
  Crazy Yiuf (D:4)
  11 orc priests
  2 giant frog skeletons
  12 orc wizards
  An iguana (D:7)
  Ijyb (D:3)
  Terence (D:3)
  15 worker ants
  2 killer bee zombies
  2 hound zombies (D:5)
  A worker ant zombie (D:6)
  12 gnolls
  15 adders
  2 shadow imps
  An ooze (D:1)
  2 adder skeletons
  2 worms
  4 dart slugs
  5 giant geckos
  40 orcs
  7 bats
  7 giant cockroaches
  8 hobgoblins
  4 jackals (D:2)
  11 kobolds
  3 quokkas
  A giant cockroach zombie (D:6)
  3 giant newts
  8 goblins
  2 quokka skeletons
  11 rats
294 creatures vanquished.

Vanquished Creatures (others)
  An iguana (D:5)
1 creature vanquished.

Grand Total: 295 creatures vanquished

Notes
Turn   | Place    | Note
--------------------------------------------------------------
     0 | D:1      | Enroth the Troll Skald began the quest for the Orb.
     0 | D:1      | Reached XP level 1. HP: 19/19 MP: 1/1
   155 | D:1      | Reached XP level 2. HP: 27/27 MP: 3/3
   625 | D:2      | Reached XP level 3. HP: 30/35 MP: 4/4
   836 | D:2      | Found a faded altar to an unknown god.
   853 | D:2      | Reached XP level 4. HP: 42/42 MP: 5/5
   947 | D:2      | Learned a level 2 spell: Song of Slaying
  1174 | D:3      | Noticed Ijyb
  1198 | D:3      | Killed Ijyb
  1198 | D:3      | Reached skill level 3 in Unarmed Combat
  1198 | D:3      | Reached XP level 5. HP: 32/49 MP: 3/6
  1361 | D:3      | Noticed Terence
  1375 | D:3      | Killed Terence
  1593 | D:4      | Reached XP level 6. HP: 57/58 MP: 4/7
  1660 | D:4      | Noticed Dickchan's ghost (amateur GrMo)
  1671 | D:4      | Killed Dickchan's ghost
  1671 | D:4      | Reached skill level 4 in Unarmed Combat
  1910 | D:4      | Reached XP level 7. HP: 66/66 MP: 9/9
  2292 | D:4      | Noticed Crazy Yiuf
  2298 | D:4      | Killed Crazy Yiuf
  2486 | D:5      | Entered Level 5 of the Dungeon
  2510 | D:5      | Reached skill level 5 in Unarmed Combat
  2513 | D:5      | Reached skill level 1 in Stealth
  2623 | D:5      | Noticed Edmund
  2643 | D:5      | Killed Edmund
  2643 | D:5      | Reached XP level 8. HP: 39/75 MP: 10/10
  2700 | D:5      | Reached skill level 6 in Unarmed Combat
  2721 | D:5      | Reached skill level 1 in Evocations
  2863 | D:5      | Noticed Pikel
  2868 | D:5      | Killed Pikel
  2868 | D:5      | Reached skill level 7 in Unarmed Combat
  3349 | D:6      | Reached skill level 5 in Dodging
  3349 | D:6      | Reached XP level 9. HP: 65/84 MP: 11/11
  3504 | D:6      | Noticed Duvessa
  3504 | D:6      | Noticed Dowan
  3509 | D:6      | Killed Dowan
  3514 | D:6      | Killed Duvessa
  3518 | D:6      | Found a staircase to the Ecumenical Temple.
  3524 | Temple   | Entered the Ecumenical Temple
  3624 | Temple   | Became a worshipper of the Shining One
  3657 | D:6      | Reached skill level 8 in Unarmed Combat
  3712 | D:6      | Found a shattered altar of Ashenzari.
  3867 | D:6      | Found an ancient bone altar of Kikubaaqudgha.
  3900 | D:6      | Noticed a moth of wrath
  3903 | D:6      | Found a bloodstained altar of Trog.
  4040 | D:6      | Got a dazzling hand axe
  4047 | D:6      | Identified the +7 hand axe of the Onslaught {chop, rPois MP-9 Int+3 Dex+5} (You found it on level 6 of the Dungeon)
  4115 | D:6      | Reached * piety under the Shining One
  4303 | D:7      | Gained mutation: You evolve. [potion of mutation]
  4303 | D:7      | Gained mutation: Your spells are a little harder to cast, but a little more powerful. [potion of mutation]
  4303 | D:7      | Gained mutation: Your magical capacity is low (-10% MP). [potion of mutation]
  4304 | D:7      | Gained mutation: You have a pair of small horns on your head. [potion of beneficial mutation]
  4316 | D:7      | Lost mutation: Your spells are a little harder to cast, but a little more powerful. [potion of cure mutation]
  4316 | D:7      | Lost mutation: Your magical capacity is low (-10% MP). [potion of cure mutation]
  4316 | D:7      | Lost mutation: You have a pair of small horns on your head. [potion of cure mutation]
  4316 | D:7      | Lost mutation: You evolve. [potion of cure mutation]
  4384 | D:7      | Reached skill level 9 in Unarmed Combat
  4711 | D:8      | Reached XP level 10. HP: 83/94 MP: 13/13
  5017 | D:8      | Got a polished dagger
  5018 | D:8      | Identified the +3 dagger of Evolution {venom, rF+ Str+2 Int+4} (You found it on level 8 of the Dungeon)
  5032 | D:8      | Reached ** piety under the Shining One
  5139 | D:8      | Reached skill level 5 in Fighting
  5538 | D:9      | Reached skill level 10 in Unarmed Combat
  6059 | D:10     | Entered Level 10 of the Dungeon
  6059 | D:10     | Found Bizumyhi's Book Shop.
  6068 | D:10     | Was placed under penance by the Shining One
  6184 | D:10     | Found Ovat's Armour Shop.
  6184 | D:10     | Found a staircase to the Orcish Mines.
  6184 | D:10     | Found Puiryijat's Weapon Shop.
  6202 | D:10     | Noticed a hill giant
  6206 | D:10     | Killed a hill giant
  6335 | D:10     | Noticed a hill giant
  6335 | D:10     | Was forgiven by the Shining One
  6337 | D:10     | Noticed an unseen horror
  6346 | D:10     | Killed an unseen horror
  6346 | D:10     | Reached skill level 1 in Armour
  6346 | D:10     | Reached XP level 11. HP: 105/105 MP: 12/14
  6352 | D:10     | Killed a hill giant
  6478 | D:10     | Found a staircase to the Lair.
  6493 | D:10     | Found a shimmering altar of Xom.
  6501 | D:10     | Reached skill level 11 in Unarmed Combat
  6775 | Orc:1    | Entered Level 1 of the Orcish Mines
  6775 | Orc:1    | Found Bithrock's Assorted Antiques.
  6775 | Orc:1    | Reached *** piety under the Shining One
  6778 | Orc:1    | Noticed an ettin
  6791 | Orc:1    | Killed an ettin
  6796 | Orc:1    | Noticed an orc knight
  6884 | Orc:1    | Shot with a bolt by an orc knight

Skill      XL: |  1  2  3  4  5  6  7  8  9 10 11 |
---------------+----------------------------------+-----
Dodging        | 2 3 4 5 6 7 |  7.7
Fighting       | 2 3 4 5 6 |  6.1
Unarmed Combat | 3 4 5 7 9 10 11 | 11.1
Spellcasting   | 2 3 |  3.3
Stealth        | 1 2 |  2.3
Evocations     | 1 |  1.9
Charms         | 3 |  3.6
Armour         | 1 |  1.5

Action                   |  1- 3 |  4- 6 |  7- 9 | 10-12 || total
-------------------------+-------+-------+-------+-------++-------
Melee: Unarmed           |   105 |   109 |   316 |   261 ||   791
       Punch             |     2 |     1 |     9 |    16 ||    28
 Cast: Infusion          |     1 |     6 |     8 |     4 ||    19
       Song of Slaying   |       |     4 |     5 |     9 ||    18
 Abil: Evoke Berserk Rag |       |       |     4 |     3 ||     7
  Use: Potion            |       |     2 |     9 |     4 ||    15
       Scroll            |       |       |     1 |     5 ||     6
 Stab: Sleeping          |       |       |     2 |       ||     2
  Eat: Chunk             |    13 |    10 |    29 |    27 ||    79
Armor: Robe              |    52 |    38 |    83 |    28 ||   201
       Skin              |       |     4 |       |       ||     4
       Troll leather arm |       |       |       |    38 ||    38
Dodge: Dodged            |    59 |    50 |   158 |   138 ||   405
